 Dungeon Crawl Stone Soup version 0.30-a0-371-gad7725a93e (webtiles) character file.

Game seed: 17104614016432121642

444 pokeman the Magician (level 6, -5/35 HPs)
             Began as a Deep Elf Hedge Wizard on Nov 21, 2022.
             Slain by a gnoll
             ... wielding a +0 halberd
             ... led by a gnoll bouda
              (16 damage)
             ... on level 5 of the Dungeon.
             The game lasted 00:09:29 (5118 turns).

pokeman the Magician (Deep Elf Hedge Wizard)        Turns: 5118, Time: 00:09:29

Health: -5/35      AC:  4    Str:  7    XL:     6   Next: 72%
Magic:  11/18      EV: 12    Int: 21    God:
Gold:   245        SH:  0    Dex: 14    Spells: 11/19 levels left

rFire   . . .      SeeInvis .    G - +1 club (spect)
rCold   + . .      Faith    .    (no shield)
rNeg    . . .      Spirit   .    g - +0 leather armour
rPois   +          Reflect  .    c - +0 hat
rElec   .          Harm     .    (no cloak)
rCorr   .          Rampage  .    (no gloves)
Will    .....                    A - +0 pair of boots
Stlth   ++........               n - amulet of the acrobat
HPRegen 0.25/turn                i - ring of protection from cold
MPRegen 0.16/turn                t - ring of poison resistance

@: no status effects
A: no striking features
a: no special abilities


You were on level 5 of the Dungeon.
You visited 1 branch of the dungeon, and saw 5 of its levels.

You collected 245 gold pieces.

Inventory:

Hand Weapons
 s - a +1 dagger of electrocution
 G - a +1 spectral club (weapon)
Armour
 c - a +0 hat (worn)
 g - a +0 leather armour (worn)
 A - a +0 pair of boots (worn)
Jewellery
 i - a ring of protection from cold (left hand)
 n - an amulet of the acrobat (around neck)
 t - a ring of poison resistance (right hand)
 w - an amulet of faith
Wands
 B - a wand of flame (18)
 F - a wand of roots (8)
Scrolls
 a - a scroll of poison {unknown}
 e - a scroll of torment {unknown}
 h - a scroll of silence {unknown}
 j - a scroll of immolation {unknown}
 l - 5 scrolls of identify {unknown}
 p - a scroll of amnesia {unknown}
 q - a scroll of enchant armour {unknown}
 r - 3 scrolls of butterflies {unknown}
 x - a scroll of magic mapping {unknown}
 y - 3 scrolls of teleportation {unknown}
 C - a scroll of fear {unknown}
Potions
 b - a potion of ambrosia {unknown}
 d - 2 potions of magic
 f - a potion of attraction {unknown}
 k - a potion of flight {unknown}
 m - a potion of heal wounds {unknown}
 o - a potion of brilliance {unknown}
 u - a potion of curing
 v - a potion of degeneration {unknown}
 z - a potion of resistance {unknown}
 D - a potion of berserk rage {unknown}
 E - a potion of haste {unknown}


   Skills:
 + Level 1.7 Fighting
 - Level 1.0 Armour
 - Level 3.0 Dodging
 - Level 3.0 Stealth
 * Level 7.3 Spellcasting
 + Level 3.4 Conjurations
 + Level 1.6 Summonings
 - Level 1.1 Translocations
 - Level 1.0 Air Magic
 - Level 1.0 Poison Magic
 - Level 1.0 Evocations


You had 11 spell levels left.
You knew the following spells:

 Your Spells              Type           Power      Damage    Failure   Level
a - Magic Dart            Conj           88%        1d7       3%          1
b - Mephitic Cloud        Conj/Pois/Air  15%        N/A       19%         3
c - Call Imp              Summ           14%        N/A       10%         2
d - Blink                 Tloc           24%        N/A       12%         2

Your spell library contained the following spells:

 Spells                   Type           Power      Damage    Failure   Level
 Slow                     Hex            28%        N/A       12%         1
 Cigotuvi's Dreadful Rot  Necr/Pois/Air  20%        N/A       14%         2
 Ensorcelled Hibernation  Hex/Ice        14%        N/A       19%         2
 Sublimation of Blood     Necr           7%         N/A       19%         2
 Wereblood                Tmut           7%         N/A       19%         2
 Spider Form              Tmut/Pois      9%         N/A       30%         3
 Anguish                  Hex/Necr       3%         N/A       77%         4
 Petrify                  Tmut/Erth      7%         N/A       77%         4
 Metabolic Englaciation   Hex/Ice        3%         N/A       98%         5
 Statue Form              Tmut/Erth      4%         N/A       100%        6
 Summon Hydra             Summ           7%         N/A       100%        7


Dungeon Overview and Level Annotations

Branches:
Dungeon (5/15)
 Temple: D:4-7

Altars:
Sif Muna


Message History

Unknown command.
The hound is engulfed in noxious fumes.
The hound appears confused.
The gnoll is engulfed in noxious fumes.
The gnoll appears confused.
The hound is engulfed in noxious fumes.
The hound appears confused.
You hit the hound but do no damage.
Your +1 spectral club barely misses the hound.
The hound is engulfed in noxious fumes.
The hound appears confused.
The gnoll is engulfed in noxious fumes.
The gnoll appears confused.
The gnoll barely misses the hound.
The gnoll hits itself with a +1 vampiric whip.
The gnoll is healed.
The gnoll hits the gnoll bouda with a +0 halberd!
The gnoll bouda is engulfed in noxious fumes.
The hound is engulfed in noxious fumes.
The hound appears confused.
The hound barely misses the gnoll bouda.
The hound bites itself.
Unknown command.
Unknown command.
You hit the hound.
The hound is lightly wounded.
Your +1 spectral club hits the hound.
The gnoll bouda is engulfed in noxious fumes.
The gnoll bouda appears confused.
A necrophage comes into view.
The gnoll is engulfed in noxious fumes.
The gnoll appears confused.
The hound bites itself.
Unknown command.
You hit the hound.
The hound is severely wounded.
Your +1 spectral club hits the hound.
The gnoll hits the gnoll with a +1 vampiric whip.
The gnoll is healed.
The gnoll misses the gnoll.
The hound barely misses you.
Unknown command.
Unknown command.
You hit the hound but do no damage.
The hound is almost dead.
Your +1 spectral club hits the hound.
You kill the hound!
The gnoll hits you with a +0 halberd!
You die...

..# ..# . ..## .. ...#
... #.## ### ..# ..###
###.##...#. (...##
#....n..... .....###
###†g.g..# .##....#
#.(@#.....# ##....##
#####.###g..# ...#.##
###.##..# #.....
..)#### #......###.
##.#. )..##.#
#...........# #
..))#.####.............
.......##............#.
........#..............
.......................


You could see a necrophage, 2 gnolls and a friendly +1 spectral club (summoned).

Vanquished Creatures
  A gnoll sergeant (D:5)
  A scorpion (D:4)
  4 hounds
  Ijyb (D:4)
  An orc wizard (D:3)
  2 adders
  8 gnolls
  An ufetubus (D:2)
  2 worms
  3 dart slugs
  An orc (D:5)
  4 ball pythons
  3 endoplasms
  5 giant cockroaches (D:2)
  7 hobgoblins
  4 kobolds
  8 quokkas
  7 bats
  2 frilled lizards (D:3)
  10 goblins
  3 rats
78 creatures vanquished.

Vanquished Creatures (collateral kills)
  2 orcs (D:3)
2 creatures vanquished.

Vanquished Creatures (others)
  3 plants (D:2)
  6 withered plants (D:2)
9 creatures vanquished.

Grand Total: 89 creatures vanquished

Notes
Turn   | Place    | Note
-------+----------+-------------------------------------------
     0 | D:1      | pokeman the Deep Elf Hedge Wizard began the quest for the
                  | Orb.
     0 | D:1      | Reached XP level 1. HP: 10/10 MP: 7/7
   475 | D:1      | Reached XP level 2. HP: 15/15 MP: 4/9
  1310 | D:2      | Reached skill level 5 in Spellcasting
  1474 | D:2      | Reached XP level 3. HP: 5/20 MP: 5/11
  1576 | D:1      | Learned a level 3 spell: Mephitic Cloud
  1579 | D:1      | Learned a level 2 spell: Call Imp
  1582 | D:1      | Learned a level 2 spell: Blink
  1780 | D:2      | Reached skill level 1 in Armour
  2106 | D:2      | Reached skill level 1 in Fighting
  2494 | D:2      | Reached XP level 4. HP: 25/25 MP: 9/13
  2864 | D:2      | Found a faded altar of an unknown god.
  3872 | D:3      | Reached skill level 6 in Spellcasting
  3872 | D:3      | Reached XP level 5. HP: 24/29 MP: 6/15
  4273 | D:4      | Reached skill level 1 in Air Magic
  4273 | D:4      | Reached skill level 1 in Poison Magic
  4362 | D:4      | Noticed Ijyb
  4410 | D:4      | Killed Ijyb
  4462 | D:4      | Reached XP level 6. HP: 26/34 MP: 9/17
  4523 | D:4      | Found a shimmering blue altar of Sif Muna.
  4571 | D:4      | Reached skill level 1 in Evocations
  4576 | D:4      | Reached skill level 7 in Spellcasting
  4901 | D:5      | Entered Level 5 of the Dungeon
  5118 | D:5      | Slain by a gnoll

Illustrated notes

Levels and vault maps discovered:
D:1:      amcnicky_arrival_gap_in_the_tavern_cellar, layout_loops_ring
D:2:      layout_basic, shapermc_ecumenical_altar_flowoftime,
          hangedman_decor_peaks_small, interstate_on_off,
          chequers_serial_rivers_small_3, grunt_decor_one_mirror
D:3:      layout_loops_corners
D:4:      layout_rooms, kennysheep_mini, uniq_ijyb
D:5:      layout_cave_pools, tso_metal_star, vehumet_crystals,
          nicolae_shop_self_help

Skill      XL: |  1  2  3  4  5  6 |
---------------+-------------------+-----
Spellcasting   | 5 6 7 |  7.3
Armour         | 1 |  1.0
Fighting       | 1 |  1.7
Conjurations   | 2 3 |  3.4
Dodging        | 3 |  3.0
Stealth        | 3 |  3.0
Air Magic      | 1 |  1.0
Poison Magic   | 1 |  1.0
Evocations     | 1 |  1.0
Summonings     | |  1.6
Translocations | |  1.1

Action                   |  1- 3 |  4- 6 || total
-------------------------+-------+-------++-------
Melee: Dagger            |     9 |    60 ||    69
       Punch             |       |     2 ||     2
       Club              |       |    22 ||    22
 Cast: Magic Dart        |    91 |    84 ||   175
       Mephitic Cloud    |     2 |    11 ||    13
       Call Imp          |     1 |     1 ||     2
       Blink             |       |     1 ||     1
 Stab: Sleeping          |     1 |     2 ||     3
       Confused          |     2 |    10 ||    12
Armor: Leather armour    |     2 |     7 ||     9
Dodge: Dodged            |    17 |    22 ||    39

Table legend: (Time is in decaauts)
 A = Elapsed time spent in this place.
 B = Non-inter-level travel time spent in this place.
 C = Inter-level travel time spent in this place.
 D = Time resting spent in this place.
 E = Time spent auto-exploring this place.
 F = Levels seen in this place.
 G = Mean time per level.
                   A        B        C        D        E       F      G
               +--------+--------+--------+--------+--------+-----+--------+
         Total |   5123 |   5001 |    122 |    133 |   4182 |   5 | 1024.6 |
       Dungeon |   5123 |   5001 |    122 |    133 |   4182 |   5 | 1024.6 |
               +--------+--------+--------+--------+--------+-----+--------+

Top non-repeatable levels by time:
     D:2: 1821 daAuts
     D:1: 1214 daAuts
     D:3: 1054 daAuts
     D:4: 811 daAuts
     D:5: 221 daAuts
